 Dungeon Crawl Stone Soup version 0.22-a0-422-g9628fc8 (webtiles) character file.

6703 Gorglomux the Blocker (level 10, -4/96 HPs)
             Began as a Deep Dwarf Fighter on May 20, 2018.
             Was a Priest of Makhleb.
             Killed by divine providence
             ... invoked by an orc priest
              (16 damage)
             ... on level 10 of the Dungeon.
             The game lasted 00:07:47 (5709 turns).

Gorglomux the Blocker (Deep Dwarf Fighter)          Turns: 5709, Time: 00:07:48

Health: -4/96      AC: 14    Str: 25    XL:     10   Next: 74%
Magic:  3/3        EV:  9    Int:  9    God:    Makhleb [***...]
Gold:   601        SH: 12    Dex: 10    Spells: 9/9 levels left

rFire    . . .     SeeInvis +   a - +0 war axe
rCold    + . .     Gourm    .   c - +0 shield
rNeg     . . .     Faith    .   M - +1 ring mail of the Sun {Str+2 Dex-2 Stlth+}
rPois    .         Spirit   .   H - +1 helmet
rElec    .         Reflect  .   Z - +1 cloak of Poawkuer {rC+ rCorr Slay+2}
rCorr    +         Harm     .   K - +0 pair of gloves
MR       ++...                  (no boots)
Stlth    +.........             J - amulet of rage
HPRegen  0.00/turn              s - ring of see invisible
MPRegen  0.08/turn              m - ring of protection from magic

@: non-regenerating
A: damage resistance, heal wounds, sense surroundings 2, no regeneration
a: Heal Wounds, Minor Destruction, Lesser Servant of Makhleb, Renounce Religion,
Evoke Berserk Rage


You were on level 10 of the Dungeon.
You worshipped Makhleb.
Makhleb was most pleased with you.
You were not hungry.

You visited 2 branches of the dungeon, and saw 11 of its levels.

You collected 601 gold pieces.

Inventory:

Hand Weapons
 a - a +0 war axe (weapon)
Armour
 b - a +0 scale mail
 c - a +0 shield (worn)
 H - a +1 helmet (worn)
 K - a +0 pair of gloves (worn)
 M - the +1 ring mail of the Sun (worn) {Str+2 Dex-2 Stlth+}
   (You found it on level 7 of the Dungeon)

   It affects your strength (+2).
   It affects your dexterity (-2).
   It makes you more stealthy.
 Z - the +1 cloak of Poawkuer (worn) {rC+ rCorr Slay+2}
   (You found it on level 5 of the Dungeon)

   It affects your accuracy and damage with ranged weapons and melee attacks
   (+2).
   It protects you from cold.
   It protects you from acid and corrosion.
Jewellery
 m - a ring of protection from magic (right hand)
 s - a ring of see invisible (left hand)
 J - an amulet of rage (around neck)
Wands
 A - a wand of acid (9)
 P - a wand of paralysis (11)
Scrolls
 g - 2 scrolls of magic mapping {unknown}
 j - 10 scrolls of remove curse
 o - a scroll of amnesia {unknown}
 t - 4 scrolls of teleportation {unknown}
 I - a scroll of acquirement {unknown}
 N - a scroll of blinking {unknown}
 O - a scroll of random uselessness {unknown}
 R - a scroll of identify
 V - 2 scrolls of enchant armour {unknown}
 W - a scroll of immolation {unknown}
 Y - 2 scrolls of fog {unknown}
Potions
 d - 2 potions of might
 h - 3 potions of brilliance
 k - 3 potions of flight
 p - 2 potions of haste
 q - a potion of ambrosia
 r - a potion of agility
 Q - 2 potions of curing
 S - 2 potions of lignification
 T - 6 potions of heal wounds
 U - a potion of resistance
 X - a potion of berserk rage
Comestibles
 f - 15 rations
 L - 3 chunks of flesh


   Skills:
 + Level 7.6 Fighting
 + Level 8.9 Axes
 + Level 9.2 Armour
 + Level 9.2 Shields
 + Level 6.9 Invocations


You had 9 spell levels left.
You didn't know any spells.
Your spell library contained the following spells:

 Spells                   Type           Power        Failure   Level  Hunger
 Conjure Flame            Conj/Fire      #.......     98%         3    ####...
 Confuse                  Hex            #.......     98%         3    ####...
 Freezing Cloud           Conj/Ice/Air   #.........   100%        6    #######
 Mephitic Cloud           Conj/Pois/Air  #.......     98%         3    ####...
 Ring of Flames           Chrm/Fire      #.........   100%        7    #######
 Summon Small Mammal      Summ           #...         77%         1    ##.....
 Summon Ice Beast         Ice/Summ       #.......     100%        4    #####..
 Call Imp                 Summ           #.......     88%         2    ###....
 Confusing Touch          Hex            #.....       77%         1    ##.....
 Call Canine Familiar     Summ           #.......     98%         3    ####...
 Metabolic Englaciation   Hex/Ice        #.........   100%        5    ######.
 Petrify                  Tmut/Erth      #.......     100%        4    #####..
 Summon Lightning Spire   Summ/Air       #.......     100%        4    #####..
 Summon Guardian Golem    Hex/Summ       #.......     98%         3    ####...
 Gell's Gravitas          Tloc           #.........   98%         3    ####...
 Yara's Violent Unravell  Hex/Tmut       #.........   100%        5    ######.
 Poisonous Vapours        Pois/Air       #.....       88%         2    ###....


Dungeon Overview and Level Annotations

Branches:
Dungeon (10/15)            Temple (1/1) D:6            Lair (0/6) D:9
    Orc: D:9-12

Altars:
Ashenzari
Cheibriados
Dithmenos
Elyvilon
Gozag
Hepliaklqana
Kikubaaqudgha
Makhleb
Nemelex Xobeh
Okawaru
Ru
Trog
Uskayaw
Vehumet
Wu Jian
Xom
Yredelemnul
Zin

Shops:
D:5 =   D:7 :

Annotations:
D:5 exclusions: door and 2 more exclusions


Innate Abilities, Weirdness & Mutations

You are resistant to damage.
You can heal yourself by infusing magical energy.
You passively map the area around you.
You do not regenerate.


Message History

Butt barely miss the orc priest!
You block the yak's attack!
The orc warrior hits you with a long butt of holy wrath!!! * * * don't die
* * * You butt the yak's attack!
The orc priest barely misses you! The butt gores you!!! * * * don't die
* * * The yak gores you! * * * don't die
* * * You are too injured to butt recklessly!!!
Your shield prevents you from hitting the yak!
The yak is severely wounded!
You slice the orc warrior like a butt choko!
You barely miss the yak! You completely miss the yak!
You cut the orc priest but do no damage!
The orc warrior hits you but does no damage!
The yak gores you! * * * don't die
* * * The orc priest calls down the wrath of Beogh upon you!
Beogh smites you!!! rip

, , * , , * ,,
... #...._...#
,,, ,
....#........#
,,, ,,
....+........#
, ...........#
,,..........#
,, ,
,#........# ,
,, ,
#.Yoo....# ,,
, #.o@Y....# ,
, * *
#..Y(....# , *
#....(...# ,,
,* ######(###
* ###......#
#...######
##+####
##.########
......#
#.........#
^.....###
#.........#


You could see 3 yaks, an orc warrior, an orc priest and an orc.

Vanquished Creatures
  Pikel (D:8)
  A centaur zombie (D:9)
  A troll (D:9)
  A hornet (D:8)
  Grinder (D:6)
  4 yaks (D:7)
  The ghost of Gorglomux the Shield-Bearer, an amateur DDFi (D:4)
  Eustachio (D:6)
  Duvessa (D:4)
  An orc warrior (D:10)
  3 sky beasts
  3 slaves (D:8)
  8 ogres
  2 necrophages
  7 centaurs
  A big kobold (D:7)
  4 bullfrogs
  2 scorpions (D:4)
  A wyvern skeleton (D:7)
  5 killer bees (D:8)
  Dowan (D:4)
  2 howler monkeys (D:9)
  2 crimson imps
  A bullfrog zombie (D:8)
  A quasit (D:9)
  4 jellies
  A centaur skeleton (D:6)
  8 hounds
  5 orc priests
  Jessica (D:2)
  18 orc wizards
  5 worker ants
  Natasha (D:2)
  4 iguanas
  3 hound skeletons
  7 adders
  4 gnolls (D:2)
  A howler monkey skeleton (D:5)
  2 river rats (D:5)
  3 shadow imps
  9 oozes
  An adder zombie (D:7)
  An adder skeleton (D:6)
  3 worms
  3 dart slugs
  5 leopard geckos
  25 orcs
  4 giant cockroaches
  A hobgoblin (D:2)
  12 jackals
  4 quokkas
  A ball python (D:2)
  3 bats
  3 frilled lizards
  3 goblins
  A jackal skeleton (D:6)
  12 kobolds
  A leopard gecko zombie (D:5)
  7 rats
222 creatures vanquished.

Notes
Turn   | Place    | Note
-------+----------+-------------------------------------------
     0 | D:1      | Gorglomux the Deep Dwarf Fighter began the quest for the Orb.
     0 | D:1      | Reached XP level 1. HP: 20/20 MP: 1/1
   148 | D:1      | Reached XP level 2. HP: 25/27 MP: 2/2
   407 | D:2      | Reached skill level 3 in Fighting
   410 | D:2      | Reached XP level 3. HP: 5/34 MP: 3/3
   412 | D:2      | HP: 1/34 [gnoll/spear (4)]
   425 | D:2      | Reached skill level 3 in Axes
   486 | D:2      | Noticed Jessica
   490 | D:2      | Reached XP level 4. HP: 42/42 MP: 4/4
   497 | D:2      | Killed Jessica
   576 | D:2      | Noticed Natasha
   587 | D:2      | Killed Natasha
   588 | D:2      | Reached XP level 5. HP: 28/49 MP: 5/5
   632 | D:3      | You fall through a shaft!
   670 | D:4      | Noticed Gorglomux's ghost (amateur DDFi)
   699 | D:4      | HP: 2/49 [Gorglomux's ghost (14)]
   703 | D:4      | Killed Gorglomux's ghost
   703 | D:4      | Reached XP level 6. HP: 28/57 MP: 3/3
   953 | D:4      | Noticed Duvessa
   953 | D:4      | Noticed Dowan
   961 | D:4      | Killed Dowan
   961 | D:4      | Reached XP level 7. HP: 48/66 MP: 4/4
   983 | D:4      | Killed Duvessa
  1273 | D:5      | Entered Level 5 of the Dungeon
  1502 | D:5      | Reached skill level 6 in Shields
  1576 | D:5      | Found a hide-covered altar of Uskayaw.
  1576 | D:5      | Found a faded altar of an unknown god.
  1581 | D:5      | Found an iron altar of Okawaru.
  1583 | D:5      | Found a radiant altar of Vehumet.
  1585 | D:5      | Found an opulent altar of Gozag.
  1712 | D:5      | Reached skill level 6 in Armour
  1712 | D:5      | Reached XP level 8. HP: 15/74 MP: 3/3
  1854 | D:5      | Found Sutzeac's Jewellery Shop.
  1898 | D:5      | Found a glowing drain.
  1940 | D:5      | Got a spiked cloak
  1946 | D:5      | Identified the +1 cloak of Poawkuer {rC+ rCorr Slay+2} (You found it on level 5 of the Dungeon)
  2009 | D:6      | Noticed Grinder
  2030 | D:6      | Paralysed by Grinder for 3 turns
  2046 | D:6      | Paralysed by Grinder for 3 turns
  2058 | D:6      | Killed Grinder
  2181 | D:6      | Found a hazy altar of Hepliaklqana.
  2261 | D:6      | Found a sparkling altar of Nemelex Xobeh.
  2304 | D:6      | Reached skill level 6 in Axes
  2354 | D:6      | Noticed Eustachio
  2389 | D:6      | Killed Eustachio
  2467 | D:6      | Found a staircase to the Ecumenical Temple.
  2473 | Temple   | Entered the Ecumenical Temple
  2644 | Temple   | Became a worshipper of Makhleb the Destroyer
  2801 | D:6      | Reached skill level 1 in Invocations
  3026 | D:6      | Found an ancient bone altar of Kikubaaqudgha.
  3045 | D:6      | Gained mutation: You passively map the area around you. [Deep Dwarf growth]
  3045 | D:6      | Reached XP level 9. HP: 68/82 MP: 2/2
  3123 | D:6      | Reached skill level 6 in Fighting
  3173 | D:7      | Found Teaclur's Book Shoppe.
  3221 | D:7      | Reached * piety under Makhleb
  3261 | D:7      | Reached skill level 3 in Invocations
  3472 | D:7      | Got a shimmering ring mail
  3483 | D:7      | Identified the +1 ring mail of the Sun {Str+2 Dex-2 Stlth+} (You found it on level 7 of the Dungeon)
  4079 | D:8      | Reached ** piety under Makhleb
  4187 | D:8      | HP: 4/85 [ogre/giant spiked club (13)]
  4198 | D:8      | Paralysed by a hornet for 2 turns
  4206 | D:8      | Paralysed by a hornet for 1 turns
  4209 | D:8      | Paralysed by a hornet for 3 turns
  4217 | D:8      | Paralysed by a hornet for 1 turns
  4220 | D:8      | Reached XP level 10. HP: 33/92 MP: 2/2
  4324 | D:8      | Noticed Pikel
  4333 | D:8      | Paralysed by Pikel for 6 turns
  4363 | D:8      | Killed Pikel
  4447 | D:8      | Found a white marble altar of Elyvilon.
  4820 | D:9      | Reached skill level 6 in Invocations
  4981 | D:9      | Found a staircase to the Lair.
  5128 | D:9      | Reached *** piety under Makhleb
  5321 | D:9      | Found a snail-covered altar of Cheibriados.
  5416 | D:10     | Entered Level 10 of the Dungeon
  5446 | D:10     | Reached skill level 9 in Armour
  5446 | D:10     | Reached skill level 9 in Shields
  5703 | D:10     | Found a shadowy altar of Dithmenos.
  5709 | D:10     | Killed from afar by an orc priest

Vault maps used:
D:1:      roderic_crop_circles_arrival_small
D:2:      fedhas_altar_1, uniq_natasha, uniq_robin, uniq_jessica,
          uniq_crazy_yiuf_cottage
D:3:      lemuel_round_altar, kennysheep_generic_room_7
D:4:      first_ration, uniq_duvessa
D:5:      cheibrodos_two_vegetables, chequers_temple_overflow_minitemple,
          portal_sewer_entry_b, serial_shops, shop, minmay_fountain_box,
          kennysheep_nondescript
D:6:      marbit_many_paths, temple_green, hangedman_feature_mirror,
          uniq_eustachio, uniq_grinder
D:7:      serial_shops, shop
D:8:      nicolae_overflow_crystal_walls, uniq_pikel
D:9:      kennysheep_mini_moat, lair_entry_dummy, hangedman_little_slice_of_home
D:10:     david_orc_3, basic_altar
Temple:   nicolae_temple_figure_eight

Skill      XL: |  1  2  3  4  5  6  7  8  9 10 |
---------------+-------------------------------+-----
Fighting       | 3 4 5 6 7 |  7.6
Axes           | 3 4 5 6 7 8 |  8.9
Armour         | 4 5 6 7 8 9 |  9.2
Shields        | 4 5 6 7 8 9 |  9.2
Invocations    | 1 5 6 |  6.9

Action                   |  1- 3 |  4- 6 |  7- 9 | 10-12 || total
-------------------------+-------+-------+-------+-------++-------
Melee: War axe           |    79 |   119 |   459 |   223 ||   880
 Abil: Heal Wounds       |     2 |     7 |    21 |     7 ||    37
  Use: Potion            |       |     2 |     1 |       ||     3
       Scroll            |       |       |       |    12 ||    12
 Stab: Sleeping          |       |       |       |     1 ||     1
  Eat: Chunk             |       |     1 |    11 |     6 ||    18
Armor: Scale mail        |    47 |    58 |   136 |       ||   241
       Ring mail         |       |       |    74 |   110 ||   184
Dodge: Dodged            |    31 |    31 |   175 |   111 ||   348
Block: Shield            |    52 |    66 |   286 |   167 ||   571

Table legend:
 A = Spawn XP
 B = Non-spawn XP
 C = Spawn XP percentage of total XP
 D = Spawn monster count
 E = Non-spawn monster count
 F = Spawn count percentage of total count
 G = Total turns spent on level
                    A         B        C        D         E        F      G
               +---------+---------+-------+---------+---------+-------+---------
         Total |       0 |    9576 |   0.0 |       0 |     219 |   0.0 |  5709
               +---------+---------+-------+---------+---------+-------+---------
           D:1 |       0 |      21 |   0.0 |       0 |      11 |   0.0 |   389
           D:2 |       0 |     180 |   0.0 |       0 |      27 |   0.0 |   235
           D:4 |       0 |     722 |   0.0 |       0 |      16 |   0.0 |   641
           D:5 |       0 |     559 |   0.0 |       0 |      28 |   0.0 |   729
           D:6 |       0 |    1456 |   0.0 |       0 |      26 |   0.0 |   956
           D:7 |       0 |    1686 |   0.0 |       0 |      36 |   0.0 |   924
           D:8 |       0 |    2104 |   0.0 |       0 |      26 |   0.0 |   518
           D:9 |       0 |    1706 |   0.0 |       0 |      29 |   0.0 |   832
          D:10 |       0 |    1142 |   0.0 |       0 |      20 |   0.0 |   293
               +---------+---------+-------+---------+---------+-------+---------
